 Dungeon Crawl Stone Soup version 0.20-a0-1018-ge435b50 (webtiles) character file.

113 theAP the Skirmisher (level 4, -3/48 HPs)
             Began as a Troll Monk on Apr 17, 2017.
             Slain by a gnoll
             ... wielding a +0 whip
              (5 damage)
             ... on level 3 of the Dungeon.
             The game lasted 00:03:40 (1666 turns).

theAP the Skirmisher (Troll Monk)                   Turns: 1666, Time: 00:03:41

Health: -3/48      AC:  6    Str: 20    XL:     4   Next: 65%
Magic:  3/3        EV: 11    Int:  6    God:
Gold:   133        SH:  0    Dex: 12    Spells: 3/3 levels left

rFire    . . .     SeeInvis +     - Unarmed
rCold    . . .     Gourm    +   (no shield)
rNeg     . . .     Faith    .   a - +0 robe
rPois    .         Spirit   .   (helmet restricted)
rElec    .         Reflect  .   g - +0 cloak
rCorr    .         Harm     .   (gloves unavailable)
MR       .....                  (boots unavailable)
Stlth    ++........             (no amulet)
Regen    0.6/turn               m - ring of see invisible
MPRegen  0.1/turn               (no ring)

@: no status effects
A: unfitting armour, claws 3, fast metabolism 3, gourmand, regeneration 1,
shaggy fur 1, tough skin 2
a: no special abilities


You were on level 3 of the Dungeon.
You were very full.

You visited 1 branch of the dungeon, and saw 3 of its levels.

You collected 133 gold pieces.

Inventory:

Armour
 a - a +0 robe (worn)
 g - a +0 cloak (worn)
Jewellery
 m - a ring of see invisible (left claw)
Scrolls
 d - a scroll of noise {unknown}
 f - 3 scrolls of remove curse {unknown}
 h - 3 scrolls of fog {unknown}
 i - 3 scrolls of identify {unknown}
 j - 3 scrolls of recharging {unknown}
 n - a scroll of teleportation {unknown}
Potions
 c - a potion of curing {unknown}
 e - a potion of agility {unknown}
 k - 2 potions of mutation {unknown}
 o - a potion of might {unknown}
Comestibles
 b - 3 bread rations
 l - a meat ration


   Skills:
 + Level 4.0 Fighting
 - Level 3.2 Dodging
 - Level 2.1 Stealth
 * Level 3.3 Unarmed Combat


You had 3 spell levels left.
You didn't know any spells.

Dungeon Overview and Level Annotations

Branches:
Dungeon (3/15)

Altars:
Gozag
Makhleb


Innate Abilities, Weirdness & Mutations

You are too large for most types of armour.
You have claws for hands.
Your metabolism is lightning-fast.
You like to eat raw meat.
Your natural rate of healing is unusually fast.
You are covered in fur. (AC +1)
You have very tough skin. (AC +2)


Message History

The gnoll hits you from afar with a spear.
The gnoll hits you with a flail.
You struggle against the net.
The gnoll barely misses you.
You shred the net and break free! The gnoll barely misses you.
The gnoll hits you from afar with a spear.
* * * LOW HITPOINT WARNING * * *
You claw the gnoll!
You kill the gnoll!
The gnoll misses you.
The gnoll throws a throwing net.
The throwing net completely misses you. The gnoll hits you with a spear.
* * * LOW HITPOINT WARNING * * *
The gnoll completely misses you. The gnoll hits you with a club.
* * * LOW HITPOINT WARNING * * *
Things that are here:
a flail; a leopard gecko corpse You scratch the gnoll but do no damage.
The gnoll hits you with a spear.
* * * LOW HITPOINT WARNING * * *
The gnoll hits you with a whip.
You die...

#.# ###.####.#
#.< ..#
#......... #..
#.# #.#.######
#.. #.# #.#.###
#.. #.###.#...#
#.. #.....#.#.#
#.. #.........#
#.g####.#########
#.g@....(#
##g####..# #.
...# ## ...#
##..# ##.# .# .#


You could see 3 gnolls.

Vanquished Creatures
  An orc priest (D:3)
  An adder (D:2)
  A gnoll (D:3)
  A dart slug (D:3)
  3 leopard geckos
  6 orcs (D:3)
  2 bats
  4 giant cockroaches
  3 goblins
  4 hobgoblins
  12 jackals
  A ball python (D:3)
  3 frilled lizards (D:2)
  2 kobolds
  5 rats
49 creatures vanquished.

Notes
Turn   | Place    | Note
-------+----------+-------------------------------------------
     0 | D:1      | theAP the Troll Monk began the quest for the Orb.
     0 | D:1      | Reached XP level 1. HP: 23/23 MP: 0/0
    99 | D:1      | Reached skill level 1 in Unarmed Combat
   103 | D:1      | Reached XP level 2. HP: 31/31 MP: 1/1
   980 | D:2      | Reached XP level 3. HP: 38/39 MP: 2/2
  1139 | D:2      | Found a burning altar of Makhleb.
  1142 | D:2      | Found an opulent altar of Gozag.
  1431 | D:3      | Reached XP level 4. HP: 13/48 MP: 3/3
  1565 | D:3      | Reached skill level 4 in Fighting
  1666 | D:3      | HP: 2/48 [gnoll/spear (5)]
  1666 | D:3      | Slain by a gnoll

Vault maps used:
D:1:      dpeg_arrival_rooms_b, minmay_surrounded
D:2:      nicolae_overflow_hidden_temple,
          chequers_temple_overflow_statue_of_worship, first_bread
D:3:      nicolae_ru_great_annihilating_truth, grunt_qazlal_clouds

Skill      XL: |  1  2  3  4 |
---------------+-------------+-----
Unarmed Combat | 1 2 3 |  3.3
Fighting       | 4 |  4.0
Dodging        | |  3.2
Stealth        | |  2.1

Action                   |  1- 3 |  4- 6 || total
-------------------------+-------+-------++-------
Melee: Unarmed           |    91 |    46 ||   137
       Punch             |     2 |     2 ||     4
 Stab: Sleeping          |     4 |     1 ||     5
  Eat: Chunk             |    11 |     3 ||    14
       Bread ration      |     1 |       ||     1
Armor: Robe              |    31 |    19 ||    50
Dodge: Dodged            |    53 |    36 ||    89
